[Event "*** Titled Tuesday Blitz"]
[Site "Chess.com"]
[Date "2020.12.01"]
[Round "1"]
[White "AniJak"]
[Black "bascheyaro"]
[Result "0-1"]
[WhiteElo "2378"]
[BlackElo "2742"]
[TimeControl "180+1"]
[EndTime "10:02:03 PST"]
[Termination "bascheyaro won by resignation"]

1. e4 e6 2. d4 d5 3. Nd2 c5 4. exd5 exd5 5. Ngf3 Nc6 6. dxc5 Bxc5 7. Nb3 Bb6 8. Be2 Nf6 9. O-O O-O 10. Bg5 h6 11.
Bxf6 Qxf6 12. Qxd5 Qxb2 13. Bd3 Nb4 14. Qe4 Nxd3 15.
Qxd3 Bg4 16. Ne5 Qxe5 0-1

[Event "*** Titled Tuesday Blitz"]
[Site "Chess.com"]
[Date "2020.12.01"]
[Round "1"]
[White "gagtemp"]
[Black "Mostii"]
[Result "0-1"]
[WhiteElo "1936"]
[BlackElo "2464"]
[TimeControl "180+1"]
[EndTime "10:02:16 PST"]
[Termination "Mostii won by resignation"]

1. e4 e6 2. d4 d5 3. Nc3 dxe4 4. Nxe4 Nd7 5. Nf3 Ngf6 6. Neg5 h6 7. Nh3 c5 8. dxc5 Bxc5 9. Bc4 O-O 10. O-O b6 11. Nf4 Bb7 12. Qe2 Bxf3 13. Qxf3 Ne5 14. Qb3 Nxc4 15. Qxc4 Qc7 16. b4 Bxf2+ 0-1

[Event "*** Titled Tuesday Blitz"]
[Site "Chess.com"]
[Date "2020.12.01"]
[Round "1"]
[White "Sanyura"]
[Black "Michaelson_11"]
[Result "1-0"]
[WhiteElo "2506"]
[BlackElo "2147"]
[TimeControl "180+1"]
[EndTime "10:02:30 PST"]
[Termination "Sanyura won by resignation"]

1. d4 Nf6 2. c4 g6 3. Nc3 Bg7 4. e4 O-O 5. Nf3 d6 6. Be2 e5 7. d5 a5 8. Be3 Ng4 9. Bg5 f6 10.
Bd2 Na6 11. h3 Nh6 12. g4 f5 13. gxf5 gxf5 14. Rg1 Qf6 15. Bg5 Qg6 16. Nh4 1-0

[Event "*** Titled Tuesday Blitz"]
[Site "Chess.com"]
[Date "2020.12.01"]
[Round "1"]
[White "WelshTiger"]
[Black "onetowin"]
[Result "1-0"]
[WhiteElo "2473"]
[BlackElo "2010"]
[TimeControl "180+1"]
[EndTime "10:02:41 PST"]
[Termination "WelshTiger won by resignation"]

1. e4 c5 2. Nf3 e6 3. d4 cxd4 4.
Nxd4 Nc6 5. Nb5 d6 6. c4 Nf6 7.
N1c3 a6 8. Na3 Be7 9. Be2 b6 10.
O-O Bb7 11. Be3 Nd7 12. Rc1 Rc8 13. Kh1 O-O 14. f3 Qc7 15. Qe1 Rfd8 16. Qf2 Nc5 17. Nc2 d5 18. cxd5 exd5 19. Nxd5 Bd6 20. Nxc7 1-0

[Event "*** Titled Tuesday Blitz"]
[Site "Chess.com"]
[Date "2020.12.01"]
[Round "1"]
[White "HajduIstvanCM"]
[Black "vladimirdamjanovic"]
[Result "1/2-1/2"]
[WhiteElo "1760"]
[BlackElo "2451"]
[TimeControl "180+1"]
[EndTime "10:02:59 PST"]
[Termination "Game drawn by agreement"]

1. e4 c6 2. d4 d5 3. exd5 cxd5 4. Bd3 Nf6 5. Nf3 Nc6 6. c3 Bg4 7. O-O e6 8. Bf4 Bd6 9. Bxd6 Qxd6 10. Nbd2 O-O 11. Qe1 Nh5 12. Ne5 Nxe5 13. dxe5 Qe7 14. f4 1/2-1/2

[Event "*** Titled Tuesday Blitz"]
[Site "Chess.com"]
[Date "2020.12.01"]
[Round "1"]
[White "vovachesss"]
[Black "Colombiano07"]
[Result "1-0"]
[WhiteElo "2627"]
[BlackElo "2301"]
[TimeControl "180+1"]
[EndTime "10:03:05 PST"]
[Termination "vovachesss won by resignation"]

1. e4 c5 2. d4 cxd4 3. c3 dxc3 4. Nxc3 Nc6 5. Nf3 e6 6. Bc4 a6 7. O-O b5 8. Bb3 d6 9. Qe2 Ra7 10. Rd1 Rd7 11. Bf4 Be7 12. Rd2 Nf6 13. Rad1 O-O 14. h3 Bb7 15. a3 Re8 16. Bh2 Qb8 17. e5 Nd5 18. Nxd5 exd5 19. e6 Rdd8 20. exf7+ Kxf7 21. Bxd5+ Kf8 22. Qe6 1-0

[Event "*** Titled Tuesday Blitz"]
[Site "Chess.com"]
[Date "2020.12.01"]
[Round "1"]
[White "vladgoncharov"]
[Black "enriquebutti"]
[Result "1-0"]
[WhiteElo "2475"]
[BlackElo "2027"]
[TimeControl "180+1"]
[EndTime "10:03:16 PST"]
[Termination "vladgoncharov won by resignation"]

1. d4 Nf6 2. c4 e6 3. Nf3 b6 4. g3 Ba6 5. Qa4 c6 6. Nc3 d5 7.
cxd5 exd5 8. Bg2 Be7 9. Ne5 Bb7 10. O-O Nfd7 11. Nd3 O-O 12. Bf4 Na6 13. Rfe1 Nc7 14. Bxc7 Qxc7 15. Rac1 Qd6 16. e4 dxe4 17. Nxe4 Qg6 18.
Nf4 Qh6 19. d5 c5 20. Qxd7 1-0

[Event "*** Titled Tuesday Blitz"]
[Site "Chess.com"]
[Date "2020.12.01"]
[Round "1"]
[White "Na_binci"]
[Black "Skatchkov_V"]
[Result "0-1"]
[WhiteElo "2121"]
[BlackElo "2492"]
[TimeControl "180+1"]
[EndTime "10:03:25 PST"]
[Termination "Skatchkov_V won by resignation"]

1. d4 Nf6 2. c4 e6 3. Nf3 d5 4.
Nc3 Bb4 5. cxd5 exd5 6. Bg5 O-O 7. Qc2 h6 8. Bh4 c6 9. e3 Bg4 10. Ne5 Be6 11. Bd3 Nbd7 12. O-O Be7 13. f3 Nxe5 14. dxe5 Nd7 15. Bxe7 Qxe7 16. f4 Qc5 17. f5 Qxe3+ 18.
Kh1 Nxe5 19. fxe6 Qxd3 20. exf7+ Rxf7 21. Qxd3 Nxd3 22. Rxf7 Kxf7 0-1

[Event "*** Titled Tuesday Blitz"]
[Site "Chess.com"]
[Date "2020.12.01"]
[Round "1"]
[White "szefru"]
[Black "maximnovik"]
[Result "0-1"]
[WhiteElo "2221"]
[BlackElo "2550"]
[TimeControl "180+1"]
[EndTime "10:03:33 PST"]
[Termination "maximnovik won by checkmate"]

1. b3 Nf6 2. Bb2 g6 3. e3 Bg7 4. f4 O-O 5. Nf3 c5 6. Be2 b6 7. O-O Bb7 8. d4 d6 9. Nbd2 Nd5 10. Qc1 Nxe3 11. Re1 Nf5 12. dxc5 bxc5 13. Bxg7 Kxg7 14.
Qb2+ Kg8 15. g4 Nh6 16. h3 Nd7 17. Bc4 Nb6 18. Ng5 Qd7 19. a4 Nxg4 20. Bb5 Qf5 21. Rxe7 Qxf4 22. Rxb7 Qf2+ 23. Kh1 Qh2# 0-1

[Event "*** Titled Tuesday Blitz"]
[Site "Chess.com"]
[Date "2020.12.01"]
[Round "1"]
[White "Parhamov"]
[Black "Nuvas"]
[Result "1-0"]
[WhiteElo "2913"]
[BlackElo "2438"]
[TimeControl "180+1"]
[EndTime "10:03:37 PST"]
[Termination "Parhamov won by resignation"]

1. e4 c5 2. Nf3 d6 3. d4 cxd4 4.
Nxd4 Nf6 5. Nc3 a6 6. h3 e6 7. g4 d5 8. exd5 Nxd5 9. Nde2 Bb4 10. Bg2 Nxc3 11. Qxd8+ Kxd8 12. Nxc3 Nc6 13. Bf4 Ke7 14. O-O-O Bd7 15. Na4 e5 16. Nb6 Rad8 17. Nd5+ Ke6 18. Nxb4 exf4 19. Rhe1+ Ne5 20. Bd5+ Kf6 21. Bxb7 Be6 22.
Rxd8 Rxd8 23. g5+ Kf5 24. Rxe5+ 1-0

[Event "*** Titled Tuesday Blitz"]
[Site "Chess.com"]
[Date "2020.12.01"]
[Round "1"]
[White "biostatistician"]
[Black "stefy02"]
[Result "1-0"]
[WhiteElo "2571"]
[BlackElo "2259"]
[TimeControl "180+1"]
[EndTime "10:03:37 PST"]
[Termination "biostatistician won by resignation"]

1. d4 Nf6 2. Nf3 e6 3. c4 d5 4. Bg5 Be7 5. Nc3 O-O 6. e3 h6 7.
Bh4 a6 8. c5 b6 9. b4 Nc6 10. Rb1 Nd7 11. Bg3 Bf6 12. Be2 bxc5 13. bxc5 Nxc5 14. O-O Nd7 15. Qa4 Ne7 16. Rfc1 Nb6 17.
Qa5 Bd7 18. Ne5 Nf5 19. Nxd7 Nxg3 20. Nxf6+ Qxf6 21. hxg3 h5 22. Na4 1-0

[Event "*** Titled Tuesday Blitz"]
[Site "Chess.com"]
[Date "2020.12.01"]
[Round "1"]
[White "Khnykin_Nikolay"]
[Black "PlotnikovPavel"]
[Result "0-1"]
[WhiteElo "2042"]
[BlackElo "2476"]
[TimeControl "180+1"]
[EndTime "10:03:37 PST"]
[Termination "PlotnikovPavel won by checkmate"]

1. e4 e5 2. Nf3 Nc6 3. Bc4 Nf6 4. O-O Nxe4 5. d4 d5 6. Bb5 exd4 7. Nxd4 Bd7 8. Re1 Bc5 9. Bxc6 Bxc6 10. f3 Qh4 11.
fxe4 Bxd4+ 12. Qxd4 Qxe1# 0-1

[Event "*** Titled Tuesday Blitz"]
[Site "Chess.com"]
[Date "2020.12.01"]
[Round "1"]
[White "theredking89"]
[Black "Mbneu"]
[Result "1-0"]
[WhiteElo "2648"]
[BlackElo "2320"]
[TimeControl "180+1"]
[EndTime "10:03:40 PST"]
[Termination "theredking89 won by resignation"]

1. d4 Nf6 2. c4 c5 3. e3 e6 4. Nc3 d5 5. Nf3 a6 6. a3 cxd4 7. exd4 Nc6 8. Bd3 dxc4 9. Bxc4 Be7 10. O-O O-O 11. Re1 b5 12. Ba2 Bb7 13. d5 exd5 14.
Nxd5 Nxd5 15. Qxd5 Qxd5 16. Bxd5 Bf6 17. Bg5 Bxb2 18.
Ra2 Bc3 19. Rc1 b4 20. Bxc6 Bxc6 21. axb4 Bd5 22. Ra5 Bxf3 23. Rxc3 Rac8 24. Rxc8 Rxc8 25. gxf3 1-0

[Event "*** Titled Tuesday Blitz"]
[Site "Chess.com"]
[Date "2020.12.01"]
[Round "1"]
[White "FearNoEvil12"]
[Black "sergeikim"]
[Result "0-1"]
[WhiteElo "2149"]
[BlackElo "2507"]
[TimeControl "180+1"]
[EndTime "10:03:44 PST"]
[Termination "sergeikim won by resignation"]

1. e4 e5 2. d4 exd4 3. Bc4 Nc6 4. Nf3 Nf6 5. e5 d5 6. Bb5 Ne4 7. Nxd4 Bc5 8. O-O Bxd4 9. Qxd4 O-O 10. Bxc6 bxc6 11. f3 Ng5 12. f4 Ne4 13. Nc3 Bf5 14. Nxe4 Bxe4 15. Qf2 f5 16. c3 a5 17. Be3 Re8 18.
Rae1 Re6 19. h3 Rg6 20. g3 a4 21. a3 Rb8 22. Kh2 Rb3 23. Rd1 Qe8 24. Rd2 Rh6 25. h4 Qh5 26. Qe2 Qe8 27. Rf2 Qd8 28.
Qa6 Rxh4+ 0-1

[Event "*** Titled Tuesday Blitz"]
[Site "Chess.com"]
[Date "2020.12.01"]
[Round "1"]
[White "PaulfromSPb"]
[Black "Sunnika"]
[Result "1-0"]
[WhiteElo "2667"]
[BlackElo "2333"]
[TimeControl "180+1"]
[EndTime "10:03:51 PST"]
[Termination "PaulfromSPb won by resignation"]

1. e4 e6 2. d4 d5 3. Nd2 dxe4 4. Nxe4 Nd7 5. Bd3 Ngf6 6. Ng5 Bd6 7. Qe2 h6 8. N5f3 c5 9. Be3 O-O 10. dxc5 Nxc5 11. Bxc5 Bxc5 12. Ne5 Qd5 13. Ngf3 a6 14. c4 Qd6 15. O-O b6 16. Rad1 Qc7 17. Be4 Bb7 18.
Bxb7 Qxb7 19. a3 Rad8 20. b4 Be7 21. h3 Rd2 22. Rxd2 1-0

[Event "*** Titled Tuesday Blitz"]
[Site "Chess.com"]
[Date "2020.12.01"]
[Round "1"]
[White "Infernal_XaM"]
[Black "mamey78"]
[Result "1-0"]
[WhiteElo "2848"]
[BlackElo "2419"]
[TimeControl "180+1"]
[EndTime "10:03:57 PST"]
[Termination "Infernal_XaM won by resignation"]

1. d4 d5 2. c4 c6 3. Nf3 Nf6 4. e3 e6 5. Qc2 Nbd7 6. Bd2 Bd6 7. Bd3 O-O 8. O-O e5 9. cxd5 cxd5 10. dxe5 Nxe5 11.
Nxe5 Bxe5 12. h3 Ne4 13. Bxe4 dxe4 14. Bc3 Qg5 15. Bxe5 Qxe5 16. Nc3 Bf5 17. Rfd1 Rfd8 18. Qa4 Rd3 19. Rxd3 exd3 20. Rd1 Rd8 21. Qxa7 d2 22.
Rxd2 1-0

[Event "*** Titled Tuesday Blitz"]
[Site "Chess.com"]
[Date "2020.12.01"]
[Round "1"]
[White "sorito"]
[Black "nelsoncopa"]
[Result "1-0"]
[WhiteElo "2470"]
[BlackElo "1963"]
[TimeControl "180+1"]
[EndTime "10:04:01 PST"]
[Termination "sorito won by resignation"]

1. Nf3 d6 2. d3 Nf6 3. e4 e5 4.
Nbd2 Be7 5. Be2 O-O 6. O-O Nc6 7. c3 Bg4 8. b4 a6 9. a3 Rb8 10. Re1 Qc8 11. Bb2 Nd8 12. d4 exd4 13. cxd4 Re8 14.
h3 Bh5 15. d5 Nd7 16. Nd4 Bxe2 17. Qxe2 b5 18. Rac1 Nb6 19. Nf5 Bf8 20. Qf3 g6 21. Nxd6 Bxd6 22. Qf6 Be5 23. Bxe5 Rxe5 24. Qxe5 c6 25.
dxc6 Qe6 1-0

[Event "*** Titled Tuesday Blitz"]
[Site "Chess.com"]
[Date "2020.12.01"]
[Round "1"]
[White "XDPS"]
[Black "MasterKroket"]
[Result "1-0"]
[WhiteElo "2786"]
[BlackElo "2391"]
[TimeControl "180+1"]
[EndTime "10:04:02 PST"]
[Termination "XDPS won by resignation"]

1. d4 Nf6 2. Bf4 e6 3. e3 c5 4. Nf3 Nc6 5. c3 Be7 6. Nbd2 O-O 7. Bd3 b6 8. a3 Bb7 9. e4 cxd4 10. cxd4 d6 11.
O-O h6 12. Rc1 Rc8 13. Qa4 e5 14. d5 Nb8 15. Qxa7 Bxd5 16. Rxc8 Qxc8 17. exd5 Nxd5 18. Bg3 f5 19. Bc4 1-0

[Event "*** Titled Tuesday Blitz"]
[Site "Chess.com"]
[Date "2020.12.01"]
[Round "1"]
[White "arjwezhrtdrz"]
[Black "Leonid_Starozhilov"]
[Result "0-1"]
[WhiteElo "2322"]
[BlackElo "2650"]
[TimeControl "180+1"]
[EndTime "10:04:02 PST"]
[Termination "Leonid_Starozhilov won by resignation"]

1. e4 g6 2. c3 Bg7 3. d3 d6 4.
Nf3 c5 5. Be2 Nf6 6. O-O O-O 7.
a4 Nc6 8. h3 e5 9. Nh2 d5 10. Nd2 Be6 11. Ng4 Nxg4 12. Bxg4 f5 13. Bf3 fxe4 14. dxe4 d4 15. Bg4 Bf7 16. Qe2 h5 17.
Bf3 Qd7 18. Kh2 Rad8 19. g3 Bh6 20. Nb1 d3 21. Qd1 d2 22. Nxd2 Bxd2 23. Bg2 Bxc1 24. Qxc1 Qd2 25. Qb1 Bc4 0-1

[Event "*** Titled Tuesday Blitz"]
[Site "Chess.com"]
[Date "2020.12.01"]
[Round "1"]
[White "ENajer77"]
[Black "tomsishere"]
[Result "1-0"]
[WhiteElo "2669"]
[BlackElo "2329"]
[TimeControl "180+1"]
[EndTime "10:04:05 PST"]
[Termination "ENajer77 won by checkmate"]

1. d4 b6 2. e4 Bb7 3. Bd3 e6 4. Nf3 Nf6 5. Qe2 d5 6. e5 Ne4 7. O-O Nd7 8. Nbd2 Nxd2 9. Bxd2 c5 10. c3 cxd4 11. cxd4 Rc8 12. Ng5 g6 13. Qf3 Qe7 14.
Rac1 Bg7 15. Rxc8+ Bxc8 16. Rc1 O-O 17. Qg3 Nb8 18. a3 Ba6 19. Bb4 Qd8 20. Bxf8 Bxf8 21. Bxa6 Nxa6 22. h4 Bh6 23. Qf4 Qd7 24. Rc8+ Qxc8 25.
Qxf7+ Kh8 26. Qxh7# 1-0

[Event "*** Titled Tuesday Blitz"]
[Site "Chess.com"]
[Date "2020.12.01"]
[Round "1"]
[White "carloseduar100"]
[Black "Eliwood44"]
[Result "0-1"]
[WhiteElo "2013"]
[BlackElo "2473"]
[TimeControl "180+1"]
[EndTime "10:04:07 PST"]
[Termination "Eliwood44 won by checkmate"]

1. d4 Nf6 2. Bg5 d5 3. c3 c5 4. e3 Nc6 5. Nd2 Bf5 6. Ngf3 e6 7. Bb5 Qb6 8. Qe2 Bd6 9. Bxf6 gxf6 10. e4 dxe4 11.
Bxc6+ Qxc6 12. Nh4 cxd4 13. cxd4 O-O 14. O-O Rad8 15. Nxf5 exf5 16. Qh5 Qd5 17. Rad1 Kh8 18. Kh1 Rg8 19. b3 e3 20. Ne4 Qxe4 21. fxe3 Qxg2# 0-1

[Event "*** Titled Tuesday Blitz"]
[Site "Chess.com"]
[Date "2020.12.01"]
[Round "1"]
[White "chess94cu"]
[Black "HanSchut"]
[Result "1-0"]
[WhiteElo "2540"]
[BlackElo "2202"]
[TimeControl "180+1"]
[EndTime "10:04:11 PST"]
[Termination "chess94cu won by resignation"]

1. d4 Nf6 2. Nf3 g6 3. g3 Bg7 4.
c4 O-O 5. Nc3 d5 6. cxd5 Nxd5 7.
Bg2 c5 8. O-O cxd4 9. Nxd4 Nb6 10. Ndb5 Nc6 11. Bf4 e5 12. Be3 Nc4 13. Bc5 Re8 14. b3 a6 15. Qxd8 Nxd8 16. Nc7 Ne6 17.
Nxe6 Bxe6 18. bxc4 Bxc4 19. Rac1 b5 20. Bxa8 Rxa8 21.
Rfd1 h6 22. Bb6 f5 23. Rd8+ Rxd8 24. Bxd8 Kf7 1-0

[Event "*** Titled Tuesday Blitz"]
[Site "Chess.com"]
[Date "2020.12.01"]
[Round "1"]
[White "VladimirBelous"]
[Black "Luklei18"]
[Result "1-0"]
[WhiteElo "2823"]
[BlackElo "2403"]
[TimeControl "180+1"]
[EndTime "10:04:15 PST"]
[Termination "VladimirBelous won by resignation"]

1. Nf3 Nf6 2. c4 e6 3. g3 d5 4.
Bg2 Be7 5. O-O O-O 6. b3 b6 7. Bb2 c5 8. cxd5 Nxd5 9. Nc3 Bb7 10. Nxd5 Bxd5 11. d4 cxd4 12. Qxd4 Bf6 13. Qd2 Bxb2 14. Qxb2 Nd7 15. Rfd1 Qf6 16. Qxf6 Nxf6 17. Ne5 Bxg2 18. Kxg2 Rfd8 19. Rxd8+ Rxd8 20. Rc1 Nd5 21. Nc6 Rc8 22. e4 1-0

[Event "*** Titled Tuesday Blitz"]
[Site "Chess.com"]
[Date "2020.12.01"]
[Round "1"]
[White "Rud_Makarian"]
[Black "Skat2704"]
[Result "1-0"]
[WhiteElo "2709"]
[BlackElo "2361"]
[TimeControl "180+1"]
[EndTime "10:04:24 PST"]
[Termination "Rud_Makarian won by resignation"]

1. d4 d5 2. c4 c6 3. Nf3 Nf6 4. Nc3 a6 5. e3 Bg4 6. cxd5 cxd5 7. Qb3 b5 8. Ne5 Bc8 9. Bd2 e6 10. Rc1 Bd6 11. Bd3 O-O 12. O-O Bb7 13. f4 Nbd7 14. Be1 Ne4 15. Qd1 f5 16. Nxe4 dxe4 17. Bc2 Bd5 18.
Bb3 Nb6 19. Ba5 Bc7 20. Bxb6 Bxb6 21. Bxd5 Qxd5 22. Qb3 Rac8 23. Qxd5 exd5 24. Nd7 Ba5 25. Nxf8 Rxf8 26. Rc2 h6 27. Rff2 Kh7 28. Rc6 1-0

[Event "*** Titled Tuesday Blitz"]
[Site "Chess.com"]
[Date "2020.12.01"]
[Round "1"]
[White "AryanTari"]
[Black "ural58"]
[Result "1-0"]
[WhiteElo "2923"]
[BlackElo "2443"]
[TimeControl "180+1"]
[EndTime "10:04:27 PST"]
[Termination "AryanTari won by resignation"]

1. Nf3 d5 2. e3 Nc6 3. Bb5 f6 4. d4 Qd6 5. c4 a6 6. Bxc6+ Qxc6 7.
cxd5 Qxd5 8. Nc3 Qh5 9. Qb3 e6 10. O-O Bd6 11. e4 Ne7 12. Ne2 Nc6 13. Bf4 O-O 14.
Bxd6 cxd6 15. Nf4 Qf7 16. d5 exd5 17. exd5 Ne5 18. Nd4 Ng6 19. Nfe6 Re8 20. Rac1 Nf8 21. Nc7 Bg4 22. Nxa8 Rxa8 23. Rfe1 b5 24. Qg3 Bd7 25. Qxd6 1-0

[Event "*** Titled Tuesday Blitz"]
[Site "Chess.com"]
[Date "2020.12.01"]
[Round "1"]
[White "Ariadna_Atreides"]
[Black "Brave_spirit12"]
[Result "0-1"]
[WhiteElo "2078"]
[BlackElo "2482"]
[TimeControl "180+1"]
[EndTime "10:04:27 PST"]
[Termination "Brave_spirit12 won by resignation"]

1. d4 Nf6 2. Nf3 e6 3. e3 d5 4. Bd3 Be7 5. O-O O-O 6. b3 c5 7.
Bb2 Nc6 8. dxc5 Bxc5 9. Ne5 Bd6 10. Nxc6 bxc6 11. c4 e5 12. cxd5 cxd5 13. Nc3 e4 14. Be2 Be6 15. Nb5 Be7 16. Nd4 Rc8 17. Qd2 Qb6 18.
Nxe6 Qxe6 19. Rac1 Bd6 20. g3 h5 21. Kg2 h4 22. Rxc8 Rxc8 23. Rc1 h3+ 24. Kg1 Rd8 25.
Qd4 Qf5 26. Qxa7 Ng4 27. Qb6 Qxf2+ 0-1

[Event "*** Titled Tuesday Blitz"]
[Site "Chess.com"]
[Date "2020.12.01"]
[Round "1"]
[White "Euwe1234"]
[Black "ZuchBolt"]
[Result "1-0"]
[WhiteElo "2525"]
[BlackElo "2172"]
[TimeControl "180+1"]
[EndTime "10:04:29 PST"]
[Termination "Euwe1234 won by resignation"]

1. e4 c5 2. Nf3 e6 3. d4 cxd4 4. Nxd4 Nc6 5. Nc3 Qc7 6. Be3 a6 7. a3 Nf6 8. f4 Nxd4 9. Bxd4 Qxf4 10. g3 Qc7 11. e5 Nd5 12. Nxd5 exd5 13. Bg2 Bc5 14. c3 O-O 15. O-O d6 16. exd6 Bxd6 17. Bxd5 Bh3 18. Rf2 Rad8 19. Qh5 Bc8 20. Raf1 g6 21.
Rxf7 Rxf7 22. Rxf7 Qxf7 23. Bxf7+ Kxf7 24. Qxh7+ Ke6 25.
Qxg6+ Kd5 26. Qg5+ 1-0

[Event "*** Titled Tuesday Blitz"]
[Site "Chess.com"]
[Date "2020.12.01"]
[Round "1"]
[White "VladimirBugayev"]
[Black "Arkady_Gitelson"]
[Result "0-1"]
[WhiteElo "2284"]
[BlackElo "2593"]
[TimeControl "180+1"]
[EndTime "10:04:34 PST"]
[Termination "Arkady_Gitelson won by resignation"]

1. e4 c5 2. Nc3 Nc6 3. Bb5 Nd4 4.
Nf3 a6 5. Bd3 d6 6. Nxd4 cxd4 7.
Ne2 e5 8. c3 dxc3 9. dxc3 Nf6 10. c4 Be7 11. O-O O-O 12. Nc3 Be6 13. Qe2 Nd7 14.
b3 Bg5 15. f4 Bxf4 16. Bxf4 exf4 17. Rxf4 Ne5 18. Raf1 Qb6+ 19. Kh1 Qd4 20. Nd5 Bxd5 21. exd5 Qxd3 22. Qh5 Ng6 23. R4f3 Qe2 24. R1f2 Qd1+ 25. Rf1 Qd4 26. Rh3 h6 27. Rg3 Rae8 0-1

[Event "*** Titled Tuesday Blitz"]
[Site "Chess.com"]
[Date "2020.12.01"]
[Round "1"]
[White "Artyom_ChessMate"]
[Black "chessmadara"]
[Result "1-0"]
[WhiteElo "2536"]
[BlackElo "2199"]
[TimeControl "180+1"]
[EndTime "10:04:36 PST"]
[Termination "Artyom_ChessMate won by resignation"]

1. e4 c5 2. Nc3 d6 3. f4 g6 4. Nf3 Bg7 5. Bc4 Nc6 6. O-O e6 7. d4 cxd4 8. Nb5 Nge7 9. Bb3 Na5 10. Nbxd4 O-O 11. Be3 Nxb3 12. axb3 Nc6 13. Nxc6 bxc6 14. Rxa7 Rxa7 15. Bxa7 c5 16. Qd2 Ba6 17. Ra1 Bb7 18. Rd1 Bxe4 19. Bxc5 Qc7 20. Bxd6 Qb6+ 21. Qf2 Qxf2+ 22.
Kxf2 Rd8 23. c4 Bxb2 24. c5 Ba3 25. Ra1 Bb4 26. Ra4 Bxf3 27. Kxf3 Bc3 28. Rc4 Ba5 29.
b4 Bb6 30. cxb6 Rxd6 31. Rc8+ Kg7 32. b7 1-0

[Event "*** Titled Tuesday Blitz"]
[Site "Chess.com"]
[Date "2020.12.01"]
[Round "1"]
[White "mjray79"]
[Black "Hikaru"]
[Result "0-1"]
[WhiteElo "2458"]
[BlackElo "3195"]
[TimeControl "180+1"]
[EndTime "10:04:37 PST"]
[Termination "Hikaru won by checkmate"]

1. d4 g6 2. c4 Bg7 3. e4 Nc6 4. Ne2 d6 5. Nbc3 e5 6. d5 Nce7 7. Be3 f5 8. exf5 gxf5 9. f4 Nf6 10. h3 O-O 11. Ng3 exf4 12. Bxf4 Ng6 13. Bg5 h6 14. Bd2 f4 15. Nh5 Re8+ 16. Kf2 Ng4+ 17. hxg4 Bd4+ 18. Kf3 Qg5 19. Nf6+ Bxf6 20. Be2 Bd4 21.
g3 Qxg4+ 22. Kg2 Qxg3+ 23. Kf1 Qf2# 0-1

[Event "*** Titled Tuesday Blitz"]
[Site "Chess.com"]
[Date "2020.12.01"]
[Round "1"]
[White "Make_it_shine060"]
[Black "machinegun1"]
[Result "0-1"]
[WhiteElo "2127"]
[BlackElo "2503"]
[TimeControl "180+1"]
[EndTime "10:04:37 PST"]
[Termination "machinegun1 won by resignation"]

1. d4 e6 2. c4 d5 3. Nf3 Nf6 4. Nc3 c5 5. cxd5 cxd4 6. Qxd4 Nxd5 7. Bg5 f6 8. Bh4 Nc6 9. Qc4 Bb4 10. e4 Nb6 11. Qb5 a6 12. Qd3 Qxd3 13. Bxd3 e5 14. O-O-O Be6 15. Kb1 Bxc3 16. bxc3 Na4 17. Rc1 Nc5 18. Bc2 h5 19. Nd2 g5 20. Bg3 h4 21.
Nb3 Nxb3 22. Bxb3 Bxb3 23. axb3 hxg3 24. hxg3 Kf7 25. Rh3 Rxh3 26. gxh3 Rh8 27. Rh1 Ne7 28. Kc2 Ke6 29. h4 gxh4 30. gxh4 Rh5 31. Kd3 Ng6 32. Ke3 Rxh4 33. Rxh4 Nxh4 34. f4 Ng2+ 35. Kf3 Nxf4 0-1

[Event "*** Titled Tuesday Blitz"]
[Site "Chess.com"]
[Date "2020.12.01"]
[Round "1"]
[White "yoelpolanco"]
[Black "talman67"]
[Result "0-1"]
[WhiteElo "2214"]
[BlackElo "2544"]
[TimeControl "180+1"]
[EndTime "10:04:39 PST"]
[Termination "talman67 won by checkmate"]

1. c4 Nf6 2. Nc3 e5 3. Nf3 Nc6 4. e4 Bb4 5. d3 d6 6. Be2 h6 7.
O-O a6 8. a3 Bc5 9. b4 Ba7 10.
Be3 O-O 11. d4 exd4 12. Nxd4 Re8 13. Nxc6 bxc6 14. Bxa7 Rxa7 15. Qd4 Ra8 16. Rae1 Qe7 17. Bd3 Qe5 18. Qxe5 dxe5 19. Bc2 Be6 20. c5 Bc4 21.
Ne2 Red8 22. f3 Rd2 23. Bd1 a5 24. Kf2 axb4 25. axb4 Ra1 26. Ke3 Raxd1 27. Rxd1 Rxe2# 0-1

[Event "*** Titled Tuesday Blitz"]
[Site "Chess.com"]
[Date "2020.12.01"]
[Round "1"]
[White "Chamal_Gedgafov"]
[Black "Kavyev_Ruslan"]
[Result "0-1"]
[WhiteElo "2166"]
[BlackElo "2519"]
[TimeControl "180+1"]
[EndTime "10:04:39 PST"]
[Termination "Kavyev_Ruslan won by checkmate"]

1. d4 Nf6 2. c4 g6 3. Nc3 d5 4.
cxd5 Nxd5 5. e4 Nxc3 6. bxc3 Bg7 7.
Be3 c5 8. Qd2 cxd4 9. cxd4 Nc6 10. Nf3 O-O 11. Rc1 Bg4 12. d5 Bxf3 13. gxf3 Ne5 14.
Be2 Qd7 15. h3 b5 16. Kf1 Rac8 17. Kg2 e6 18. dxe6 Qxe6 19. Bxb5 Rcd8 20. Qe2 g5 21. Rhd1 h6 22. a4 Ng6 23. Rc6 Qe5 24. Rxd8 Rxd8 25. Qc4 Nh4+ 26. Kf1 Qh2 27. Ke2 Qh1 28. Rc8 Qd1# 0-1

[Event "*** Titled Tuesday Blitz"]
[Site "Chess.com"]
[Date "2020.12.01"]
[Round "1"]
[White "tk22h"]
[Black "Susal_De_Silva"]
[Result "0-1"]
[WhiteElo "2317"]
[BlackElo "2642"]
[TimeControl "180+1"]
[EndTime "10:04:41 PST"]
[Termination "Susal_De_Silva won by resignation"]

1. d4 Nf6 2. Nf3 e6 3. Bg5 h6 4. Bxf6 Qxf6 5. e4 d6 6. Nc3 a6 7. Bd3 b6 8. Qe2 Bb7 9. O-O-O Qd8 10. Rhe1 g6 11. Kb1 Bg7 12. h4 Nc6 13. d5 Ne5 14. Nxe5 Bxe5 15. dxe6 fxe6 16. g3 Qf6 17. f4 Bxc3 18. e5 Qf7 19. bxc3 d5 20. Qg4 Rg8 21. c4 d4 22. Be4 O-O-O 23. Qf3 c5 24. Bxb7+ Qxb7 25. Qxb7+ Kxb7 26. Rd3 g5 27. hxg5 hxg5 28. c3 gxf4 29.
gxf4 dxc3 30. Rxc3 Rd4 31. Rf1 Rf8 32. f5 exf5 33. Re3 f4 34. e6 fxe3 35. Rxf8 Re4 36. Rf1 Rxe6 0-1

[Event "*** Titled Tuesday Blitz"]
[Site "Chess.com"]
[Date "2020.12.01"]
[Round "1"]
[White "ZEN-22"]
[Black "GigaQuparadze"]
[Result "0-1"]
[WhiteElo "2438"]
[BlackElo "2910"]
[TimeControl "180+1"]
[EndTime "10:04:46 PST"]
[Termination "GigaQuparadze won by resignation"]

1. e4 c5 2. b4 cxb4 3. a3 bxa3 4.
Nxa3 d6 5. d4 Nf6 6. Bd3 g6 7.
Nf3 Bg7 8. e5 dxe5 9. dxe5 Nd5 10.
Bb5+ Nc6 11. c4 Nb4 12. Qxd8+ Kxd8 13. O-O Be6 14. Ng5 Bxe5 15. Nxe6+ fxe6 16. Rb1 Kc7 17. Be3 Rhd8 18. c5 Bd4 19. Bxc6 Nxc6 20. Nb5+ Kc8 21. Nxd4 Nxd4 22. Rfd1 e5 23. Bg5 Rd7 24. f4 exf4 25. Bxe7 Ne2+ 26. Kf2 Rxe7 27. Re1 Kc7 28. Rxe2 Rxe2+ 29. Kxe2 a5 30. Kf3 a4 31. Kxf4 a3 32. Ke5 a2 33. Ra1 Kc6 34. Kf6 Kxc5 35. Kg7 b5 36.
Kxh7 b4 0-1